 Seeded DCSS version 0.29-a0-375-g5102b3be25 (webtiles) character file.

Game seed: 12277325093202877910 (custom seed)

27277 zeratav the Dancer (level 13, -6/83 HPs)
             Began as a Vine Stalker Fighter on May 3, 2022.
             Was an Elder of Uskayaw.
             Mangled by an orc warrior
             ... wielding a +0 glaive
              (13 damage)
             ... on level 2 of the Orcish Mines.
             The game lasted 00:25:37 (9060 turns).

zeratav the Dancer (Vine Stalker Fighter)           Turns: 9060, Time: 00:25:38

Health: -6/83      AC: 25    Str: 24    XL:     13   Next: 31%
Magic:  0/25       EV: 10    Int: 12    God:    Uskayaw [****..]
Gold:   2192       SH:  4    Dex: 14    Spells: 12/12 levels left

rFire   + + .      SeeInvis .   C - +7 flail "Dotuka" {venom, Fly rF+ Int+4, mace}
rCold   . . .      Faith    .   c - +0 buckler
rNeg    . . .      Spirit   +   F - +8 ring mail "Fixzy" {rF+ Regen+ Stlth+}
rPois   .          Reflect  .   W - +2 hat
rElec   .          Harm     .   M - +0 cloak
rCorr   .          Rampage  .   L - +2 pair of gloves {hurl}
Will    ++...                   (no boots)
Stlth   ++........              p - amulet of Vitality {Regen+ HP+15}
HPRegen 2.63/turn               i - +4 ring of protection
MPRegen 0.19/turn               J - ring of willpower

@: flying
A: fangs 3, regeneration 1, magic shield, antimagic bite, no potion heal 2
a: Renounce Religion, Stomp, Line Pass


You were on level 2 of the Orcish Mines.
You worshipped Uskayaw.
Uskayaw was pleased with you.
You visited 3 branches of the dungeon, and saw 13 of its levels.

You collected 2374 gold pieces.
You spent 182 gold pieces at shops.


Innate Abilities, Weirdness & Mutations

You have razor-sharp teeth.
Your natural rate of healing is unusually fast.
When hurt, damage is shared between your health and your magic reserves.
Your bite disrupts and absorbs the magic of your enemies.
Potions cannot restore your health.


   Skills:
 - Level 8.0 Fighting
 + Level 11.3 Maces & Flails
 - Level 7.0 Armour
 - Level 2.7 Shields
 - Level 15.0 Invocations


You had 12 spell levels left.
You didn't know any spells.
Your spell library contained the following spells:

 Spells                   Type           Power      Damage    Failure   Level
 Magic Dart               Conj           0%         1d3       54%         1
 Pain                     Necr           0%         1d4       54%         1
 Searing Ray              Conj           0%         2d4       69%         2
 Fulminant Prism          Conj/Hex       0%         3d6       100%        4
 Leda's Liquefaction      Hex/Erth       0%         N/A       100%        4
 Agony                    Necr           0%         N/A       100%        5
 Excruciating Wounds      Necr           0%         N/A       100%        5
 Lee's Rapid Deconstruct  Erth           0%         3d5*      100%        5
 Statue Form              Tmut/Erth      0%         N/A       100%        6

Inventory:

Hand Weapons
 C - the +7 flail "Dotuka" (weapon) {venom, Fly rF+ Int+4, mace}
   (You found it on level 7 of the Dungeon)

   It poisons the flesh of those it strikes.
   Int:       It affects your intelligence (+4).
   rF:        It protects you from fire.
   Fly:       It grants you flight.
Armour
 c - a +0 buckler (worn)
 m - a +0 kite shield of reflection
   (You took it off Donald on level 2 of the Orcish Mines)
 F - the +8 ring mail "Fixzy" (worn) {rF+ Regen+ Stlth+}
   (You found it on level 5 of the Dungeon)

   rF:        It protects you from fire.
   Regen:     It increases your rate of health regeneration.
   Stlth:     It makes you more stealthy.
 L - a +2 pair of gloves of hurling (worn)
   (You found it on level 8 of the Dungeon)
 M - a +0 cloak (worn)
   (You found it on level 7 of the Dungeon)
 W - a +2 hat (worn)
   (You found it on level 7 of the Dungeon)
Jewellery
 a - a ring of positive energy
   (You found it on level 5 of the Dungeon)
 i - a +4 ring of protection (left hand)
   (You found it on level 1 of the Dungeon)
 p - the amulet of Vitality (around neck) {Regen+ HP+15}
   (You acquired it on level 2 of the Dungeon)

   [amulet of regeneration]

   HP:        It affects your health (+15).
   Regen:     It increases your rate of health regeneration.
 v - a ring of poison resistance
   (You found it on level 3 of the Dungeon)
 z - a ring of protection from fire
   (You found it on level 9 of the Dungeon)
 D - a +6 ring of dexterity
   (You found it on level 7 of the Dungeon)
 J - a ring of willpower (right hand)
   (You found it on level 7 of the Dungeon)
 T - a ring of ice
   (You took it off Fannar on level 1 of the Orcish Mines)
 V - a ring of see invisible
   (You found it on level 7 of the Dungeon)
Wands
 b - a wand of paralysis (10)
   (You found it on level 5 of the Dungeon)
 o - a wand of iceblast (8)
   (You found it on level 2 of the Dungeon)
 A - a wand of digging (2)
   (You found it on level 8 of the Dungeon)
 G - a wand of flame (15)
   (You found it on level 5 of the Dungeon)
 S - a wand of polymorph (32)
   (You found it on level 6 of the Dungeon)
Scrolls
 d - 5 scrolls of poison {unknown}
 g - 13 scrolls of identify {@r1}
 h - 3 scrolls of teleportation {unknown}
 k - a scroll of noise {unknown}
 l - a scroll of brand weapon {unknown}
 q - a scroll of silence {unknown}
 r - 2 scrolls of fog {unknown}
 s - 3 scrolls of amnesia {unknown}
 x - 5 scrolls of vulnerability {unknown}
 y - 2 scrolls of fear {unknown}
 B - a scroll of magic mapping {unknown}
 H - a scroll of enchant weapon {unknown}
 Q - a scroll of torment {unknown}
 X - a scroll of blinking {unknown}
Potions
 e - 2 potions of invisibility
 f - 2 potions of attraction {unknown}
 j - 4 potions of flight {unknown}
 n - 4 potions of heal wounds {unknown}
 t - a potion of resistance
 u - 2 potions of mutation {unknown}
 w - 7 potions of curing {unknown}
 K - a potion of berserk rage {!q}
 O - a potion of degeneration {!q@e2}
 P - a potion of cancellation {unknown}

Dungeon Overview and Level Annotations

Branches:
Dungeon (10/15)            Temple (1/1) D:4            Lair (0/6) D:10
    Orc (2/2) D:10            Elf (0/3) Orc:2

Altars:
Ashenzari
Cheibriados
Elyvilon
Gozag
Kikubaaqudgha
Makhleb
Nemelex Xobeh
Okawaru
Qazlal
Ru
Sif Muna
Trog
Uskayaw
Vehumet
Wu Jian
Yredelemnul
The Shining One
Beogh

Shops:
D:8

(=[*: ##.))).............
#.#............... ....
###............... ....
#..............# ...o.
#........)..).). ÷.÷÷o
##.........))).). #..ooo
#....#.......))). #..oo#
##...##........#.#
#..÷.)##@...#..........##
#.oooo)..##..........#
##..o)..##..........##
###...###...$#......
##### ..........##


You could see 2 orc knights, an orc high priest and 2 orc warriors.


Message History

The bolt of negative energy misses you.
The orc high priest calls upon Beogh to heal the orc warrior.
The orc warrior is healed somewhat.
An orc sorcerer comes into view. It is wielding a +0 dagger.
You can now pass through a line of other dancers.
HP[-9] MP[-3]
You take 9 damage, and now have 61/83 hp.
You lost 3 mp, and now have 17/25 mp.
You sock the orc sorcerer! You block the soul eater's attack.
HP[+3]
You regained 3 hp, and now have 64/83 hp.
You thump the orc sorcerer!
You kill the orc sorcerer!
The soul eater disappears in a puff of smoke!
The orc warrior hits you from afar with a +0 glaive!
The orc warrior hits you with a +0 mace!
An orc sorcerer comes into view. It is wielding a +0 dagger.
HP[-16] MP[-5]
You take 16 damage, and now have 48/83 hp.
You lost 5 mp, and now have 12/25 mp.
You hit the orc.
The orc is poisoned.
You bite the orc.
You kill the orc!
The orc warrior hits you but does no damage.
The orc warrior hits you from afar with a +0 glaive!
* * * LOW HITPOINT WARNING * * *
HP[-10] MP[-2]
You take 10 damage, and now have 38/83 hp.
You lost 2 mp, and now have 10/25 mp.
You barely miss the orc high priest.
You bite the orc high priest, but do no damage.
The orc warrior hits you from afar with a +0 glaive!
* * * LOW HITPOINT WARNING * * *
The orc warrior barely misses you. You block the orc warrior's attack.
HP[-11] MP[-3]
You take 11 damage, and now have 27/83 hp.
You lost 3 mp, and now have 7/25 mp.
You sock the orc wizard!
The orc wizard is poisoned.
The orc wizard hits you but does no damage.
The orc warrior hits you but does no damage.
The orc warrior hits you with a +0 mace!!
* * * LOW HITPOINT WARNING * * *
The orc high priest hits you with a +0 short sword.
* * * LOW HITPOINT WARNING * * *
The orc priest invokes the aid of Beogh against you.
Beogh smites you!
* * * LOW HITPOINT WARNING * * *
You hear a shout!
Uskayaw will force your foes to helplessly watch your dance.
Uskayaw prepares the audience for your solo!
HP[-24] MP[-7]
You take 24 damage, and now have 3/83 hp.
MASSIVE DAMAGE!! (PAUSE)
You lost 7 mp, and now have 0/25 mp.
HP[+2]
You regained 2 hp, and now have 5/83 hp.
The orc high priest is no longer paralysed.
The orc warrior is no longer paralysed.
HP[+3]
You regained 3 hp, and now have 8/83 hp.
You sock the orc high priest!
The orc high priest is poisoned.
You bite the orc high priest. You drain its power.
You feel invigorated.
The orc wizard is no longer paralysed.
The orc high priest hits you but does no damage.
HP[+2] MP[+3]
You regained 2 hp, and now have 10/83 hp.
You regained 3 mp, and now have 3/25 mp.
You bludgeon the orc high priest!!
The orc high priest looks as sick as possible!
The orc high priest hits you with a +0 short sword.
* * * LOW HITPOINT WARNING * * *
Uskayaw will force your foes to share their pain.
Uskayaw links your audience in an emotional bond!
HP[-1]
You take 1 damage, and now have 9/83 hp.
You hit the orc high priest.
You kill the orc wizard!
The orc high priest looks as sick as possible!
Your bite misses the orc high priest.
The orc warrior no longer looks unusually strong.
The orc warrior is no longer paralysed.
HP[+3]
You regained 3 hp, and now have 12/83 hp.
You hit the orc high priest.
You kill the orc high priest!
The orc warrior hits you but does no damage.
HP[+2]
You regained 2 hp, and now have 14/83 hp.
You hit the orc warrior.
The orc high priest no longer looks unusually strong.
The orc high priest calls upon Beogh to heal the orc knight.
The orc knight's wounds heal themselves!
You block the orc warrior's attack.
HP[+3]
You regained 3 hp, and now have 17/83 hp.
You bludgeon the orc warrior!!
You kill the orc warrior!
The orc knight hits you with a +0 long sword!
* * * LOW HITPOINT WARNING * * *
The orc warrior hits you from afar with a +0 glaive!
You die...

Skill      XL: |  1  2  3  4  5  6  7  8  9 10 11 12 13 |
---------------+----------------------------------------+-----
Fighting       | 3 4 5 6 8 |  8.0
Armour         | 3 6 7 |  7.0
Maces & Flails | 7 10 11 | 11.3
Invocations    | 6 11 14 15 | 15.0
Shields        | |  2.7

Action                   |  1- 3 |  4- 6 |  7- 9 | 10-12 | 13-15 || total
-------------------------+-------+-------+-------+-------+-------++-------
Melee: Flail             |    79 |   111 |   177 |   370 |    65 ||   802
       Bite              |    13 |    31 |    56 |   149 |    17 ||   266
       Hand axe          |       |       |    26 |    27 |       ||    53
Invok: Stomp             |       |     1 |       |     1 |       ||     2
       Line Pass         |       |     3 |     2 |     3 |       ||     8
       Grand Finale      |       |       |       |     2 |     1 ||     3
  Use: Potion            |     1 |       |       |     2 |       ||     3
       Scroll            |     1 |       |       |     6 |       ||     7
 Stab: Paralysed         |       |       |    16 |    33 |     9 ||    58
       Sleeping          |       |       |     2 |     2 |       ||     4
       Confused          |       |       |       |     1 |       ||     1
Armor: Scale mail        |    55 |    67 |    33 |       |       ||   155
       Ring mail         |       |       |    82 |   306 |    55 ||   443
Dodge: Dodged            |    51 |    62 |   108 |   201 |    36 ||   458
Block: Buckler           |    30 |    29 |    47 |    82 |    19 ||   207

Levels and vault maps discovered:
D:1:      tarquinn_simple_flora_water_e, layout_basic, basic_ecumenical_altar,
          nicolae_concentric_dashed_squares_wild
D:2:      layout_basic
D:3:      layout_loops_ring
D:4:      layout_loops_corners, minmay_temple_entry_sparse_star
D:5:      layout_basic, mainiacjoe_overflow_six_doors_small
D:6:      layout_rooms
D:7:      layout_gridville, uniq_duvessa
D:8:      layout_loops_ring, serial_shops, shop, shop,
          nicolae_shop_bloodbath_and_beyond, nicolae_shop_crystal, shop,
          uniq_grum
D:9:      cheibrodos_steamvent, layout_basic, serial_corexii_hall,
          corexii_hall_statues_i, corexii_hall_statues_i, roderic_lattice_a,
          minmay_misc_feat_alley, uniq_harold
D:10:     layout_long_grid, dpeg_lair_monsters, zombieorc1_lemuel
Temple:   dpeg_three_leaves_temple
Orc:1:    layout_diamond_mine, nicolae_orc_stony_grotto, mines1_david,
          uniq_fannar, uniq_josephine
Orc:2:    grunt_orc_tribal_feast, layout_caves, uniq_erolcha, uniq_donald,
          uniq_saint_roka

Notes
Turn   | Place    | Note
-------+----------+-------------------------------------------
     0 | D:1      | zeratav the Vine Stalker Fighter began the quest for the
                  | Orb.
     0 | D:1      | Reached XP level 1. HP: 11/11 MP: 2/2
     0 | D:1      | magus.rc [v1.9.6]
   239 | D:1      | Reached skill level 3 in Fighting
   241 | D:1      | Reached XP level 2. HP: 16/16 MP: 3/3
   389 | D:1      | Reached XP level 3. HP: 7/20 MP: 4/4
   389 | D:1      | HP: 5/20 [goblin/+0 club (1)]
   896 | D:1      | You fall into a shaft and drop 1 floor!
  1373 | D:2      | Reached skill level 4 in Fighting
  1667 | D:1      | Found a faded altar of an unknown god.
  1826 | D:2      | Identified a scroll of acquirement
  1826 | D:2      | Acquired the amulet of Vitality {Regen+ HP+15}
  1826 | D:2      | Found the amulet of Vitality {Regen+ HP+15}
  1840 | D:3      | Gained mutation: Your natural rate of healing is unusually
                  | fast. [Vine Stalker growth]
  1840 | D:3      | Reached XP level 4. HP: 25/25 MP: 5/5
  2044 | D:3      | Noticed a bullfrog
  2049 | D:3      | Killed a bullfrog
  2050 | D:3      | Reached skill level 5 in Fighting
  2050 | D:3      | Reached XP level 5. HP: 30/30 MP: 4/6
  2588 | D:4      | Found a staircase to the Ecumenical Temple.
  2600 | Temple   | Entered the Ecumenical Temple
  2608 | Temple   | Became a worshipper of Uskayaw the Reveller
  2640 | D:4      | Reached * piety under Uskayaw
  2644 | D:4      | Reached XP level 6. HP: 36/36 MP: 3/7
  2763 | D:4      | Reached skill level 6 in Fighting
  2962 | D:4      | Noticed a black bear
  2968 | D:4      | Reached ** piety under Uskayaw
  2978 | D:4      | Killed a black bear
  3226 | D:4      | You pick up a book of Pain and begin reading...
  3226 | D:4      | You add the spells Pain, Agony and Excruciating Wounds to
                  | your library.
  3333 | D:4      | Reached XP level 7. HP: 41/41 MP: 3/8
  3335 | D:4      | Reached skill level 7 in Fighting
  3335 | D:4      | Reached *** piety under Uskayaw
  3475 | D:5      | Entered Level 5 of the Dungeon
  3533 | D:5      | Reached **** piety under Uskayaw
  3617 | D:5      | Reached skill level 8 in Fighting
  3640 | D:5      | Reached skill level 3 in Armour
  3663 | D:5      | Gained mutation: You have razor-sharp teeth. [Vine Stalker
                  | growth]
  3663 | D:5      | Reached XP level 8. HP: 47/47 MP: 5/9
  3665 | D:5      | Reached skill level 4 in Armour
  3711 | D:5      | Identified the +8 ring mail "Fixzy" {rF+ Regen+ Stlth+}
  3989 | D:5      | Found a stormy altar of Qazlal.
  4088 | D:5      | Reached skill level 5 in Armour
  4217 | D:6      | Reached skill level 6 in Armour
  4225 | D:6      | Reached ***** piety under Uskayaw
  4233 | D:6      | Reached XP level 9. HP: 51/51 MP: 10/10
  4233 | D:6      | Reached ****** piety under Uskayaw
  4262 | D:6      | Reached skill level 7 in Armour
  4267 | D:6      | Reached skill level 2 in Maces & Flails
  4301 | D:6      | Reached skill level 3 in Maces & Flails
  4338 | D:6      | Identified the +10 hand axe of the Warrior-Mage {drain, rF+
                  | rC+ Int+2}
  4358 | D:6      | Reached skill level 4 in Maces & Flails
  4442 | D:6      | Reached skill level 5 in Maces & Flails
  4705 | D:7      | Noticed a hornet
  4715 | D:7      | Killed a hornet
  4716 | D:7      | Reached skill level 6 in Maces & Flails
  4721 | D:7      | Identified the +7 flail "Dotuka" {venom, Fly rF+ Int+4}
  4759 | D:7      | Identified the +8 rapier of Pydanur {protect, rC+ SInv}
  4780 | D:7      | Reached skill level 7 in Maces & Flails
  4798 | D:7      | Reached XP level 10. HP: 56/56 MP: 7/11
  5013 | D:7      | Noticed Duvessa
  5013 | D:7      | Noticed Dowan
  5015 | D:7      | Killed Dowan
  5021 | D:7      | Killed Duvessa
  5108 | D:7      | Reached skill level 8 in Maces & Flails
  5113 | D:7      | Identified the +6 chain mail of the King of the Hill
                  | {Rampage}
  5166 | D:7      | You pick up a book of the Earth and begin reading...
  5166 | D:7      | You add the spells Leda's Liquefaction, Lee's Rapid
                  | Deconstruction and Statue Form to your library.
  5269 | D:8      | Noticed Grum
  5286 | D:8      | Killed Grum
  5287 | D:8      | Reached skill level 9 in Maces & Flails
  5352 | D:8      | Found Paxutar's Book Emporium.
  5402 | D:8      | Found Reinweu's General Store.
  5439 | D:8      | Found Vuplax's Weapon Emporium.
  5615 | D:8      | Found Pagat's Antique Armour Shoppe.
  5628 | D:8      | Bought an ancient leather armour for 182 gold pieces
  5628 | D:8      | Identified the +1 leather armour "Zauth" {+Inv} (You bought
                  | it in a shop on level 8 of the Dungeon)
  5786 | D:8      | Found Acsaikutt's Jewellery Shoppe.
  6110 | D:9      | Noticed Harold
  6123 | D:9      | Killed Harold
  6124 | D:9      | Reached skill level 10 in Maces & Flails
  6124 | D:9      | Reached skill level 3 in Invocations
  6170 | D:9      | You pick up a book of Conjurations {@e2} and begin
                  | reading...
  6170 | D:9      | You add the spells Magic Dart, Searing Ray and Fulminant
                  | Prism to your library.
  6226 | D:9      | Reached skill level 4 in Invocations
  6319 | D:9      | Noticed a five-headed hydra
  6329 | D:9      | Killed a five-headed hydra
  6330 | D:9      | Reached skill level 6 in Invocations
  6330 | D:9      | Reached XP level 11. HP: 60/60 MP: 9/16
  6785 | D:10     | Entered Level 10 of the Dungeon
  6808 | D:10     | Acquired 781 gold pieces
  6846 | D:10     | Found a staircase to the Orcish Mines.
  6917 | D:10     | Reached skill level 7 in Invocations
  6948 | D:10     | Noticed a death yak
  6950 | D:10     | Found a staircase to the Lair.
  6951 | D:10     | Noticed a death yak
  6951 | D:10     | Noticed a death yak
  6951 | D:10     | Noticed a death yak
  6951 | D:10     | Noticed a death yak
  6952 | D:10     | Noticed a death yak
  6953 | D:10     | Noticed a death yak
  6953 | D:10     | Noticed a death yak
  6977 | D:10     | Killed a death yak
  6984 | D:10     | Killed a death yak
  6985 | D:10     | Reached skill level 8 in Invocations
  6986 | D:10     | Killed a death yak
  6988 | D:10     | Killed a death yak
  6989 | D:10     | Reached skill level 9 in Invocations
  6993 | D:10     | Killed a death yak
  6994 | D:10     | Killed a death yak
  6994 | D:10     | Noticed a death yak
  6995 | D:10     | Reached skill level 10 in Invocations
  6998 | D:10     | Killed a death yak
  7003 | D:10     | HP: 10/75 [death yak (20)]
  7008 | D:10     | HP: 16/75 [death yak (6)]
  7010 | D:10     | Killed a death yak
  7011 | D:10     | Reached skill level 11 in Invocations
  7011 | D:10     | Reached XP level 12. HP: 22/64 MP: 10/21
  7014 | D:10     | Killed a death yak
  7329 | D:10     | Reached skill level 12 in Invocations
  7599 | D:10     | Noticed a two-headed ogre
  7606 | D:10     | Killed a two-headed ogre
  7894 | Orc:1    | Entered Level 1 of the Orcish Mines
  7923 | Orc:1    | Noticed Fannar
  7923 | Orc:1    | Noticed an orc high priest
  7940 | Orc:1    | Killed an orc high priest
  7940 | Orc:1    | Killed Fannar
  7940 | Orc:1    | Paralysed by an orc sorcerer for 6 turns
  7952 | Orc:1    | Reached skill level 13 in Invocations
  8230 | Orc:1    | Identified a +2 robe of the Archmagi
  8230 | Orc:1    | Noticed Josephine
  8243 | Orc:1    | Killed Josephine
  8412 | Orc:2    | Entered Level 2 of the Orcish Mines
  8412 | Orc:2    | Noticed a two-headed ogre
  8423 | Orc:2    | Killed a two-headed ogre
  8424 | Orc:2    | Reached skill level 14 in Invocations
  8462 | Orc:2    | Noticed Donald
  8479 | Orc:2    | HP: 16/79 [Donald/+1 demon trident of electrocution (24)]
  8481 | Orc:2    | HP: 5/79 [Donald/+1 demon trident of electrocution (15)]
  8483 | Orc:2    | Killed Donald
  8927 | Orc:2    | Found a staircase to the Elven Halls.
  8955 | Orc:2    | Noticed Erolcha
  8965 | Orc:2    | Killed Erolcha
  8966 | Orc:2    | Reached XP level 13. HP: 68/68 MP: 25/25
  8978 | Orc:2    | Reached skill level 15 in Invocations
  8999 | Orc:2    | Noticed Saint Roka
  9000 | Orc:2    | Killed Saint Roka
  9006 | Orc:2    | Reached skill level 11 in Maces & Flails
  9052 | Orc:2    | HP: 14/83 [orc warrior/+0 mace (16)]
  9052 | Orc:2    | HP: 3/83 [orc priest/divine providence (7)]
  9060 | Orc:2    | HP: 7/83 [orc knight/+0 long sword (12)]
  9060 | Orc:2    | Mangled by an orc warrior

Vanquished Creatures
  Saint Roka (Orc:2)
  Donald (Orc:2)
  Josephine (Orc:1)
  Fannar (Orc:1)
  Harold (D:9)
  A hydra (D:9)
  Erolcha (Orc:2)
  2 two-headed ogres
  9 death yaks (D:10)
  2 orc high priests
  An orc knight (Orc:2)
  2 orc sorcerers
  4 trolls
  2 hornets
  A shadow (D:10)
  A wyvern (D:8)
  4 wraiths (Orc:1)
  10 yaks (D:10)
  Grum (D:8)
  5 steam dragons
  A basilisk (D:10)
  5 wargs
  3 acid dragons
  A water moccasin (D:7)
  Duvessa (D:7)
  2 ice beasts
  17 orc warriors
  2 sky beasts
  3 black bears
  7 ogres
  3 centaurs
  2 wolves (D:8)
  4 phantoms
  2 gnoll sergeants
  3 necrophages
  3 scorpions
  4 bullfrogs
  5 wights (D:6)
  Dowan (D:7)
  2 troll zombies (D:10)
  10 killer bees
  A howler monkey (D:6)
  7 hounds
  18 orc priests
  3 jellies
  2 gnoll shamans
  17 orc wizards
  5 iguanas
  4 ogre zombies (D:10)
  21 gnolls
  3 adders
  A white imp (D:5)
  3 dart slugs
  39 orcs
  9 endoplasms
  4 giant cockroaches
  5 goblins
  3 hobgoblins
  10 jackals
  3 ball pythons
  6 bats
  4 frilled lizards
  5 goblin zombies (D:10)
  2 hobgoblin skeletons (D:10)
  8 kobolds
  2 orc skeletons (D:10)
  10 orc zombies (D:10)
  5 rats
332 creatures vanquished.

Vanquished Creatures (others)
  An orc wizard (D:6)
  An orc (D:6)
2 creatures vanquished.

Grand Total: 334 creatures vanquished

Table legend:
 A = Non-vault XP
 B = Vault XP
 C = Vault XP percentage of total XP
 D = Non-vault monster count
 E = Vault monster count
 F = Vault count percentage of total count
                 A         B        C        D         E       F
            +---------+---------+-------+---------+---------+-------
      Total |   17897 |   21207 |  54.2 |     253 |      81 |  24.3
            +---------+---------+-------+---------+---------+-------
        D:1 |      54 |       0 |   0.0 |      25 |       0 |   0.0
        D:2 |      16 |       0 |   0.0 |       7 |       0 |   0.0
        D:3 |     131 |       0 |   0.0 |      16 |       0 |   0.0
        D:4 |     485 |       0 |   0.0 |      26 |       0 |   0.0
        D:5 |    1021 |       0 |   0.0 |      25 |       0 |   0.0
        D:6 |    1933 |       0 |   0.0 |      34 |       0 |   0.0
        D:7 |    1720 |     218 |  11.2 |      25 |       2 |   7.4
        D:8 |    1129 |     418 |  27.0 |      10 |       3 |  23.1
        D:9 |    1655 |    1229 |  42.6 |       6 |       3 |  33.3
       D:10 |    4137 |    8038 |  66.0 |      22 |      38 |  63.3
      Orc:1 |    3222 |    2657 |  45.2 |      30 |       6 |  16.7
      Orc:2 |    2394 |    8647 |  78.3 |      27 |      29 |  51.8
            +---------+---------+-------+---------+---------+-------

Illustrated notes

Table legend:
 A = Kills in this place as a percentage of kills in entire the game.
 B = Kills by you in this place as a percentage of kills by you in the entire game.
 C = Kills by friends in this place as a percentage of kills by friends in the entire game.
 D = Other kills in this place as a percentage of other kills in the entire game.
 E = Experience gained in this place as a percentage of experience gained in the entire game.
 F = Experience gained in this place divided by the number of levels of this place that you have seen.
                   A       B       C       D       E      F
               +-------+-------+-------+-------+-------+----------------------
         Total | 100.0 | 100.0 |   N/A | 100.0 | 100.0 | 3008.0
       Dungeon |  72.5 |  72.3 |   N/A | 100.0 |  56.7 | 2218.4
  Orcish Mines |  27.5 |  27.7 |   N/A |   0.0 |  43.3 | 8460.0
               +-------+-------+-------+-------+-------+----------------------

Table legend: (Time is in decaauts)
 A = Elapsed time spent in this place.
 B = Non-inter-level travel time spent in this place.
 C = Inter-level travel time spent in this place.
 D = Time resting spent in this place.
 E = Time spent auto-exploring this place.
 F = Levels seen in this place.
 G = Mean time per level.
                   A        B        C        D        E       F      G
               +--------+--------+--------+--------+--------+-----+--------+
         Total |   9148 |   8845 |    303 |    256 |   6532 |  13 |  703.7 |
       Dungeon |   7996 |   7743 |    253 |    112 |   6058 |  10 |  799.6 |
        Temple |     16 |      1 |     15 |      0 |      0 |   1 |   16.0 |
  Orcish Mines |   1135 |   1101 |     34 |    144 |    474 |   2 |  567.5 |
               +--------+--------+--------+--------+--------+-----+--------+

Top non-repeatable levels by time:
     D:1: 1289 daAuts
    D:10: 1100 daAuts
     D:4: 1001 daAuts
   Orc:1: 818 daAuts
     D:9: 806 daAuts
     D:5: 731 daAuts
     D:8: 717 daAuts
     D:3: 668 daAuts
     D:2: 570 daAuts
     D:7: 556 daAuts
     D:6: 555 daAuts
   Orc:2: 316 daAuts
  Temple: 16 daAuts
